 Dungeon Crawl Stone Soup version 0.28.0 (webtiles) character file.

Game seed: 18348502590821152574

204 Krehm the Chopper (level 5, -4/47 HPs)
             Began as a Hill Orc Fighter on Feb 16, 2022.
             Slain by a water moccasin (8 damage)
             ... on level 3 of the Dungeon.
             The game lasted 00:11:01 (4867 turns).

Krehm the Chopper (Hill Orc Fighter)                Turns: 4867, Time: 00:11:01

Health: -4/47      AC:  9    Str: 21    XL:     5   Next: 82%
Magic:  5/5        EV:  7    Int:  8    God:
Gold:   263        SH:  4    Dex: 10    Spells: 4/4 levels left

rFire   + . .      SeeInvis .   a - +0 war axe
rCold   . . .      Faith    .   c - +0 buckler
rNeg    . . .      Spirit   .   u - +0 chain mail
rPois   .          Reflect  .   (no helmet)
rElec   .          Harm     .   (no cloak)
rCorr   .          Rampage  .   (no gloves)
Will    .....                   (no boots)
Stlth   ..........              (no amulet)
HPRegen 0.15/turn               n - ring of protection from fire
MPRegen 0.09/turn               (no ring)

@: mighty
A: no striking features
a: no special abilities


You were on level 3 of the Dungeon.
You visited 1 branch of the dungeon, and saw 4 of its levels.

You collected 263 gold pieces.

Inventory:

Hand Weapons
 a - a +0 war axe (weapon)
Missiles
 m - 2 boomerangs
 p - 2 poisoned darts (quivered)
Armour
 c - a +0 buckler (worn)
 t - a +0 kite shield
 u - a +0 chain mail (worn)
Jewellery
 n - a ring of protection from fire (left hand)
Wands
 r - a wand of iceblast (4)
 s - a wand of flame (18)
Scrolls
 h - a scroll of teleportation {unknown}
 i - a scroll of amnesia {unknown}
 j - a scroll of identify {unknown}
 q - a scroll of magic mapping {unknown}
Potions
 d - a potion of might
 e - a potion of experience {unknown}
 f - 2 potions of mutation {unknown}
 g - 2 potions of curing {unknown}
 k - a potion of degeneration {unknown}
 l - a potion of lignification {unknown}
 o - a potion of heal wounds {unknown}


   Skills:
 - Level 4.7 Fighting
 + Level 6.1 Axes
 - Level 3.2 Armour
 + Level 4.0 Shields
 + Level 1.1 Evocations


You had 4 spell levels left.
You didn't know any spells.
Your spell library contained the following spells:

 Spells                   Type           Power      Damage    Failure   Level
 Sting                    Tmut/Pois      0%         1d3       99%         1
 Poisonous Vapours        Pois/Air       0%         N/A       100%        2
 Olgreb's Toxic Radiance  Pois           0%         N/A       100%        4


Dungeon Overview and Level Annotations

Branches:
Dungeon (4/15)
 Temple: D:4-7

Altars:


Message History

The water moccasin is moderately wounded.
You feel sick. The water moccasin bites you.
The water moccasin bites you but does no damage.
You closely miss the water moccasin.
The water moccasin is moderately wounded.
You feel sick.
The water moccasin bites you but does no damage.
You hit the water moccasin.
The water moccasin is heavily wounded.
You feel sick.
You are no longer poisoned.
The water moccasin bites you!
The water moccasin bites you but does no damage.
You feel very mighty all of a sudden. The water moccasin bites you.
* * * LOW HITPOINT WARNING * * *
You barely miss the water moccasin.
The water moccasin is moderately wounded.
The water moccasin barely misses you. The water moccasin bites you.
* * * LOW HITPOINT WARNING * * *
You closely miss the water moccasin.
The water moccasin is moderately wounded.
The water moccasin barely misses you. The water moccasin bites you.
* * * LOW HITPOINT WARNING * * *
You miss the water moccasin.
The water moccasin is moderately wounded.
The water moccasin bites you but does no damage.
The water moccasin barely misses you.
You miss the water moccasin.
The water moccasin is moderately wounded.
The water moccasin bites you but does no damage.
You barely miss the water moccasin.
The water moccasin is moderately wounded.
The water moccasin bites you but does no damage.
The water moccasin bites you.
* * * LOW HITPOINT WARNING * * *
You barely miss the water moccasin.
The water moccasin is moderately wounded.
The water moccasin barely misses you. The water moccasin bites you!
You die...

.# #.# #.# #.# .# #.# #.# #.# .#
#.# #.# #.# .# #.# #.# #.# .# #.#
#.# #.# .# *.# #(# #########.# ,*
*,* #.# #..>......# ## ,**** *,*
#.# #.###########. ,,,,* *,* #@#
#............# ,,*,* *,*
#S#*###########.##
*,*,*******,***#.#*,,,........##
,,,,,,,,,,,,,,,.(.,,,,....####.##
,,,,***,***,**#....,,,.,*,* ##.#
*)*,* *,* *,**#..##.***,*,* ##.
*,*,***,***,*,....,.# *,*,* #.
*,,,,,,,,,,,,,.#..,,# *,*,* #.
*,,,,,,,,,,,,#..(.,,* *,*,* #.


You could see a water moccasin.

Vanquished Creatures
  A hound (D:4)
  A centaur skeleton (D:4)
  A hound skeleton (D:4)
  4 adders
  An adder skeleton (D:4)
  2 worms (D:2)
  2 dart slugs (D:4)
  3 orcs
  8 ball pythons
  5 bats
  3 endoplasms
  7 giant cockroaches
  7 goblins
  8 hobgoblins
  6 jackals
  3 quokkas
  2 frilled lizards
  5 kobolds
  A quokka skeleton (D:4)
  4 rats
74 creatures vanquished.

Notes
Turn   | Place    | Note
-------+----------+-------------------------------------------
     0 | D:1      | Krehm the Hill Orc Fighter began the quest for the Orb.
     0 | D:1      | Reached XP level 1. HP: 19/19 MP: 1/1
   341 | D:1      | Reached skill level 3 in Axes
   349 | D:1      | Reached XP level 2. HP: 26/27 MP: 2/2
   568 | D:1      | Found a faded altar of an unknown god.
   747 | D:1      | Reached XP level 3. HP: 26/33 MP: 3/3
  1795 | D:2      | Reached XP level 4. HP: 41/41 MP: 4/4
  1852 | D:2      | Reached skill level 4 in Axes
  2721 | D:3      | Noticed a water moccasin
  3470 | D:4      | Reached skill level 5 in Axes
  3470 | D:4      | Reached XP level 5. HP: 47/47 MP: 5/5
  3696 | D:4      | Reached skill level 6 in Axes
  3874 | D:4      | Reached skill level 1 in Evocations
  4867 | D:3      | Slain by a water moccasin

Illustrated notes

Levels and vault maps discovered:
D:1:      minmay_arrival_nine_rooms, layout_basic, basic_ecumenical_altar
D:2:      layout_basic, serial_aquarium, aquarium_bridge_square
          [aquarium_subvault_window, aquarium_subvault_window,
          aquarium_subvault_bridge, aquarium_subvault_window],
          aquarium_window_1, aquarium_window_corner, aquarium_window_2,
          aquarium_window_corridor_1, aquarium_view_2d, aquarium_pool_five
D:3:      layout_loops_ring
D:4:      layout_cave_pods

Skill      XL: |  1  2  3  4  5 |
---------------+----------------+-----
Axes           | 3 5 6 |  6.1
Fighting       | 4 |  4.7
Shields        | 4 |  4.0
Evocations     | 1 |  1.1
Armour         | |  3.2

Action                   |  1- 3 |  4- 6 || total
-------------------------+-------+-------++-------
Melee: War axe           |   121 |   111 ||   232
Throw: Stone             |     6 |       ||     6
       Dart              |       |     3 ||     3
  Use: Potion            |       |     1 ||     1
Armor: Scale mail        |    66 |    39 ||   105
       Chain mail        |       |    10 ||    10
Dodge: Dodged            |    61 |    51 ||   112
Block: Buckler           |    28 |    23 ||    51
